 Dungeon Crawl Stone Soup version 0.30-a0-1160-g6e42c06551 (webtiles) character file.

Game seed: 5249681552585615680

58 Arzdou the Chopper (level 4, -5/41 HPs)
             Began as a Gnoll Cinder Acolyte on Apr 25, 2023.
             Was a High Priest of Ignis.
             Slain by a gnoll
             ... wielding a +0 spear
              (6 damage)
             ... on level 2 of the Dungeon.
             The game lasted 00:03:20 (2021 turns).

Arzdou the Chopper (Gnoll Cinder Acolyte)           Turns: 2021, Time: 00:03:21

Health: -5/41      AC:  2    Str: 15    XL:     4   Next: 1%
Magic:  1/8        EV: 11    Int: 13    God:    Ignis [*****.]
Gold:   122        SH:  0    Dex:  8    Spells: 6/8 levels left

rFire   + . .        a - -1 hand axe (flame)
rCold   . . .        (no shield)
rNeg    . . .        b - +0 robe
rPois   .            (no helmet)
rElec   .            (no cloak)
rCorr   .            (no gloves)
SInv    .            (no boots)
Will    .....        (no amulet)
Stlth   +            (no ring)
HPRegen 0.26/turn    (no ring)
MPRegen 0.11/turn

%: no passive effects
@: very slightly contaminated, hasted, very quick
A: fangs 1, strong nose, distributed training
a: Renounce Religion, Fiery Armour, Foxfire Swarm, Rising Flame


You were on level 2 of the Dungeon.
You worshipped Ignis.
Ignis was extremely pleased with you.
You visited 1 branch of the dungeon, and saw 3 of its levels.

You collected 142 gold pieces.
You spent 20 gold pieces at shops.

Inventory:

Hand Weapons
 a - a -1 hand axe of flaming (weapon)
Armour
 b - a +0 robe (worn)
 c - a +0 chain mail
 j - a +0 plate armour
Jewellery
 l - a +6 ring of dexterity
 r - a +6 ring of strength
Scrolls
 d - a scroll of fog
 i - a scroll of amnesia {unknown}
 m - a scroll of enchant armour {unknown}
 n - a scroll of silence {unknown}
 o - a scroll of immolation {unknown}
 p - a scroll of fear {unknown}
 q - 3 scrolls of poison
Potions
 e - a potion of curing
 f - a potion of haste
 h - a potion of attraction
 k - a potion of mutation


   Skills:
 + Level 6.6 Fighting
 + Level 1.0 Short Blades
 + Level 1.0 Long Blades
 + Level 6.6 Axes
 + Level 1.0 Maces & Flails
 + Level 1.0 Polearms
 + Level 1.0 Staves
 + Level 1.0 Ranged Weapons
 + Level 1.0 Throwing
 + Level 1.0 Armour
 + Level 1.0 Dodging
 + Level 1.0 Stealth
 + Level 1.0 Shields
 + Level 1.0 Unarmed Combat
 + Level 2.9 Spellcasting
 + Level 0.8 Conjurations
 + Level 0.8 Hexes
 + Level 0.8 Summonings
 + Level 0.8 Necromancy
 + Level 0.8 Translocations
 + Level 0.8 Transmutations
 + Level 5.4 Fire Magic
 + Level 0.8 Ice Magic
 + Level 0.8 Air Magic
 + Level 0.8 Earth Magic
 + Level 0.8 Poison Magic
 + Level 1.1 Invocations
 + Level 1.0 Evocations


You had 6 spell levels left.
You knew the following spells:

 Your Spells              Type           Power      Damage    Failure   Level
a - Scorch                Fire           32%        2d6       3%          2

Your spell library contained the following spells:

 Spells                   Type           Power      Damage    Failure   Level


Dungeon Overview and Level Annotations

Branches:
Dungeon (3/15)

Altars:

Shops:
D:2 ?


Innate Abilities, Weirdness & Mutations

You have very sharp teeth.
Your uncanny sense of smell can sniff out nearby items.
Your experience applies equally to all skills.


Message History

Flames lash the gnoll.
The gnoll is burned terribly!
The gnoll is almost dead.
A gnoll comes into view. It is wielding a +0 whip.
The gnoll hits you with a +0 whip! The gnoll attacks as you move away!
The gnoll barely misses you. The gnoll attacks as you move away!
The gnoll closely misses you.
The gnoll is no longer more vulnerable to fire.
The gnoll attacks as you move away! The gnoll hits you with a +0 whip.
Flames lash the gnoll.
You kill the gnoll!
You have reached level 4!
You feel agile.
There is a stone staircase leading up here.
The gnoll hits you from afar with a +0 spear.
The gnoll hits you with a +0 spear!
There is a stone staircase leading up here.
The gnoll hits you with a +0 spear.
You climb upwards.
There is a stone staircase leading down here.
You are too injured to fight recklessly!
You are too injured to fight recklessly!
Casting: Scorch (safe; 3% risk of failure)
Confirm with . or Enter, or press ? or * to list all spells.
You miscast Scorch.
You are very lightly contaminated with residual magic.
Nothing appears to happen.
The gnoll misses you.
Unknown command.
You are too injured to fight recklessly!
You are too injured to fight recklessly!
Unknown command.
You hit the gnoll. You burn the gnoll.
The gnoll is heavily wounded.
The gnoll hits you with a +0 spear.
* * * LOW HITPOINT WARNING * * *
You hit the gnoll. You burn the gnoll.
The gnoll is severely wounded.
The gnoll hits you with a +0 spear!
* * * LOW HITPOINT WARNING * * *
You feel yourself speed up. The gnoll hits you with a +0 spear.
You die...

#####.####...........#
....>.......####.###.#
#####.##.<...# #.# #.# #
##.##.#...# #.# #.# #
#.........###.# #.#
####..........##.###.#
.....###.....#....##.# .###.#
#####.##..g##.## .###.#
#.###@.##..# .....#
#.##.#.###.# ..##.# #.#....#
#.# ..##.# #..##..# #.#
..##.#######.###..###.#
..##..................#
..##.##.###.####.)###.#
..##.##.....####..# #.#########
..##.######.#.....###.........#


You could see a gnoll.

Vanquished Creatures
  A gnoll (D:3)
  5 ball pythons
  5 bats
  3 endoplasms (D:1)
  2 giant cockroaches
  5 goblins
  2 hobgoblins
  3 jackals (D:3)
  2 quokkas (D:1)
  3 frilled lizards (D:1)
  6 kobolds
  4 rats
  A spectral hobgoblin (D:1)
42 creatures vanquished.

Notes
Turn   | Place    | Note
-------+----------+-------------------------------------------
     0 | D:1      | Arzdou the Gnoll Cinder Acolyte began the quest for the
                  | Orb.
     0 | D:1      | Reached XP level 1. HP: 23/23 MP: 4/4
    67 | D:1      | Found a faded altar of an unknown god.
   150 | D:1      | Reached XP level 2. HP: 29/29 MP: 5/5
   153 | D:1      | Learned a level 2 spell: Scorch
   537 | D:1      | Reached XP level 3. HP: 31/35 MP: 1/7
  1151 | D:2      | Reached skill level 1 in Invocations
  1805 | D:2      | Found Isyic's Magic Scroll Boutique.
  1844 | D:2      | Bought a scroll of identify for 20 gold pieces
  1940 | D:3      | Reached skill level 1 in Short Blades
  1940 | D:3      | Reached skill level 1 in Long Blades
  1940 | D:3      | Reached skill level 1 in Maces & Flails
  1940 | D:3      | Reached skill level 1 in Polearms
  1940 | D:3      | Reached skill level 1 in Staves
  1940 | D:3      | Reached skill level 1 in Ranged Weapons
  1940 | D:3      | Reached skill level 1 in Throwing
  1940 | D:3      | Reached skill level 1 in Armour
  1940 | D:3      | Reached skill level 1 in Dodging
  1940 | D:3      | Reached skill level 1 in Stealth
  1940 | D:3      | Reached skill level 1 in Shields
  1940 | D:3      | Reached skill level 1 in Unarmed Combat
  1940 | D:3      | Reached skill level 1 in Evocations
  2011 | D:3      | Reached XP level 4. HP: 23/41 MP: 2/8
  2020 | D:2      | HP: 1/41 [gnoll/+0 spear (7)]
  2021 | D:2      | Slain by a gnoll

Illustrated notes

Levels and vault maps discovered:
D:1:      tarquinn_simple_flora_water_d, layout_loops_cross,
          dreamdust_ecumenical_altar_drowned_temple
D:2:      layout_loops_ring, serial_shops, nicolae_shop_waterfront,
          minmay_tetromino_t4
D:3:      layout_loops_ring, uniq_sigmund, uniq_grinder, uniq_ijyb, uniq_robin

Skill      XL: |  1  2  3 |
---------------+----------+-----
Invocations    | 1 |  1.1
Short Blades   | 1 |  1.0
Long Blades    | 1 |  1.0
Maces & Flails | 1 |  1.0
Polearms       | 1 |  1.0
Staves         | 1 |  1.0
Ranged Weapons | 1 |  1.0
Throwing       | 1 |  1.0
Armour         | 1 |  1.0
Dodging        | 1 |  1.0
Stealth        | 1 |  1.0
Shields        | 1 |  1.0
Unarmed Combat | 1 |  1.0
Evocations     | 1 |  1.0
Fighting       | |  6.6
Axes           | |  6.6
Spellcasting   | |  2.9
Conjurations   | |  0.8
Hexes          | |  0.8
Summonings     | |  0.8
Necromancy     | |  0.8
Translocations | |  0.8
Transmutations | |  0.8
Fire Magic     | |  5.4
Ice Magic      | |  0.8
Air Magic      | |  0.8
Earth Magic    | |  0.8
Poison Magic   | |  0.8

Action                     |  1- 3 |  4- 6 || total
---------------------------+-------+-------++-------
  Melee: Hand axe          |    52 |     2 ||    54
         Bite              |     3 |       ||     3
         Punch             |     1 |       ||     1
   Cast: Scorch            |    31 |       ||    31
    Use: Scroll            |     6 |       ||     6
         Potion            |       |     1 ||     1
   Stab: Distracted        |     1 |       ||     1
 Armour: Chain mail        |    26 |       ||    26
         Robe              |     4 |       ||     4
  Dodge: Dodged            |    22 |     1 ||    23

Table legend: (Time is in decaauts)
 A = Elapsed time spent in this place.
 B = Non-inter-level travel time spent in this place.
 C = Inter-level travel time spent in this place.
 D = Time resting spent in this place.
 E = Time spent auto-exploring this place.
 F = Levels seen in this place.
 G = Mean time per level.
                   A        B        C        D        E       F      G
               +--------+--------+--------+--------+--------+-----+--------+
         Total |   2028 |   1957 |     71 |      0 |   1694 |   3 |  676.0 |
       Dungeon |   2028 |   1957 |     71 |      0 |   1694 |   3 |  676.0 |
               +--------+--------+--------+--------+--------+-----+--------+

Top non-repeatable levels by time:
     D:1: 1005 daAuts
     D:2: 909 daAuts
     D:3: 113 daAuts
